 Dungeon Crawl Stone Soup version 0.29-a0-872-g797fff5ad1 (webtiles) character file.

Game seed: 11666627561834424364

122 27snakeeyes612 the Shield-Bearer (level 4, -1/45 HPs)
             Began as a Troll Fighter on July 19, 2022.
             Slain by a bullfrog (6 damage)
             ... on level 4 of the Dungeon.
             The game lasted 00:02:27 (2181 turns).

27snakeeyes612 the Shield-Bearer (Troll Fighter)    Turns: 2181, Time: 00:02:28

Health: -1/45      AC:  4    Str: 26    XL:     4   Next: 78%
Magic:  3/3        EV:  8    Int:  4    God:
Gold:   220        SH:  7    Dex:  9    Spells: 3/3 levels left

rFire   . . .      SeeInvis +   a - +0 flail
rCold   . . .      Faith    .   c - +0 kite shield
rNeg    . . .      Spirit   .   b - +0 robe
rPois   .          Reflect  .   (helmet restricted)
rElec   .          Harm     .   (no cloak)
rCorr   +          Rampage  .   (gloves unavailable)
Will    .....                   (boots unavailable)
Stlth   +.........              (no amulet)
HPRegen 0.95/turn               m - ring of see invisible
MPRegen 0.08/turn               s - ring of resist corrosion

@: no status effects
A: large, unfitting armour, claws 3, regeneration 1, shaggy fur 1, tough skin 1
a: no special abilities


You were on level 4 of the Dungeon.
You visited 1 branch of the dungeon, and saw 4 of its levels.

You collected 220 gold pieces.

Inventory:

Hand Weapons
 a - a +0 flail (weapon)
Missiles
 h - 2 curare-tipped darts (quivered)
 k - 6 poisoned darts
 l - 7 stones
Armour
 b - a +0 robe (worn)
 c - a +0 kite shield (worn)
Jewellery
 m - a ring of see invisible (left claw)
 s - a ring of resist corrosion (right claw)
 u - an amulet of the acrobat
Potions
 d - a potion of might
 e - 6 potions of heal wounds
 f - a potion of lignification {unknown}
 g - 2 potions of flight
 i - a potion of magic
 j - 2 potions of resistance {unknown}
 n - a potion of berserk rage {unknown}
 r - 2 potions of haste {unknown}
 v - a potion of curing {unknown}


   Skills:
 + Level 3.0 Fighting
 + Level 2.5 Maces & Flails
 + Level 1.6 Throwing
 + Level 3.0 Dodging
 + Level 3.2 Shields


You had 3 spell levels left.
You didn't know any spells.
Your spell library contained the following spells:

 Spells                   Type           Power      Damage    Failure   Level
 Apportation              Tloc           0%         N/A       80%         1
 Sandblast                Erth           0%         2d4       80%         1
 Passwall                 Tmut/Erth      0%         N/A       90%         2
 Call Canine Familiar     Summ           0%         N/A       99%         3
 Gell's Gravitas          Tloc           0%         N/A       99%         3
 Portal Projectile        Hex/Tloc       0%         N/A       99%         3
 Stone Arrow              Conj/Erth      0%         3d7       99%         3
 Teleport Other           Tloc           0%         N/A       99%         3
 Leda's Liquefaction      Hex/Erth       0%         N/A       100%        4
 Alistair's Intoxication  Tmut/Pois      0%         N/A       100%        5
 Dispersal                Tloc           0%         N/A       100%        6


Dungeon Overview and Level Annotations

Branches:
Dungeon (4/15)
 Temple: D:4-7

Altars:
Elyvilon

Shops:
D:3 (


Innate Abilities, Weirdness & Mutations

You are too large for most types of armour.
You have claws for hands.
Your natural rate of healing is unusually fast.
You are covered in fur. (AC +1)
You have tough skin. (AC +1)


Message History

You are no longer poisoned.
The bullfrog barely misses you.
The bullfrog snags a nearby centipede with its tongue.
The bullfrog completely misses you. The adder bites you.
* * * LOW HITPOINT WARNING * * *
The bullfrog hits you but does no damage.
Blink to where?
Press: ? - help, Dir - move target
As you read the scroll of blinking, it crumbles to dust.
Found a scroll of identify.
An orc comes into view. It is wielding a +0 flail.
The orc shouts!
You hear a shout!
The orc throws a boomerang.
The boomerang hits you.
* * * LOW HITPOINT WARNING * * *
An adder and an orc wizard come into view.
An orc comes into view. It is wielding a +0 dagger.
The orc shouts!
You block the orc's attack.
A ball python comes into view.
Found a shiny helmet and a scroll labelled RAZXUP GAKITH.
The orc hits you with a +0 flail.
* * * LOW HITPOINT WARNING * * *
The ball python moves out of view.
The orc wizard casts a spell at you. You resist with some effort.
The bullfrog attacks as you move away! The bullfrog hits you.
* * * LOW HITPOINT WARNING * * *
The orc wizard attacks as you move away!
The orc wizard closely misses you. You block the bullfrog's attack.
The bullfrog attacks as you move away! You block the bullfrog's attack.
The bullfrog attacks as you move away! The bullfrog hits you.
* * * LOW HITPOINT WARNING * * *
The bullfrog hits you.
* * * LOW HITPOINT WARNING * * *
The bullfrog attacks as you move away!
The bullfrog hits you but does no damage.
Found a scroll labelled KYUSUSOCWI.
The bullfrog hits you.
* * * LOW HITPOINT WARNING * * *
The bullfrog attacks as you move away! The bullfrog hits you.
You die...

#.# . #.# ..
#.# ##[ #.#..S
####.#.# ##
#..o?..# # ..
####.##.###
#...#?#.Fo.#..#
.......@####.##
.####.### #.# #
#S# .# #S# .##
#.##.+ ..#
#.#..# #.#
#......# .. #.#
#..##### ..
#####.###..#


You could see a bullfrog and 2 orcs.

Vanquished Creatures
  5 adders
  2 worms (D:2)
  4 dart slugs
  3 ball pythons
  6 bats
  8 endoplasms
  4 hobgoblins
  6 jackals
  5 kobolds
  4 quokkas
  7 frilled lizards
  4 goblins
  3 rats
61 creatures vanquished.

Notes
Turn   | Place    | Note
-------+----------+-------------------------------------------
     0 | D:1      | 27snakeeyes612 the Troll Fighter began the quest for the
                  | Orb.
     0 | D:1      | Reached XP level 1. HP: 22/22 MP: 0/0
   178 | D:1      | Found a faded altar of an unknown god.
   242 | D:1      | Reached XP level 2. HP: 26/29 MP: 1/1
   851 | D:2      | Reached XP level 3. HP: 31/36 MP: 2/2
   864 | D:2      | Reached skill level 1 in Throwing
  1247 | D:2      | Reached XP level 4. HP: 32/44 MP: 3/3
  1770 | D:3      | Found Gyruam's Weapon Emporium.
  2087 | D:4      | Found a white marble altar of Elyvilon.
  2160 | D:4      | Noticed a bullfrog
  2181 | D:4      | Slain by a bullfrog

Illustrated notes

Levels and vault maps discovered:
D:1:      sevenhm_arrival_forest_fort_large_2, layout_loops_ring,
          chequers_ecumenical_altar_island, minmay_heptomino_l4
D:2:      layout_loops_cross
D:3:      layout_rooms, serial_shops, nicolae_shop_bloodbath_and_beyond
D:4:      layout_rooms, mainiacjoe_overflow_chevrons, serial_shops,
          nicolae_shop_behind_doors, sigmund_army

Skill      XL: |  1  2  3  4 |
---------------+-------------+-----
Maces & Flails | 2 |  2.5
Throwing       | 1 |  1.6
Shields        | 3 |  3.2
Fighting       | 3 |  3.0
Dodging        | 3 |  3.0

Action                   |  1- 3 |  4- 6 || total
-------------------------+-------+-------++-------
Melee: Flail             |   120 |   106 ||   226
Throw: Dart              |       |     1 ||     1
  Use: Scroll            |       |     8 ||     8
 Stab: Sleeping          |       |     1 ||     1
Armor: Robe              |    34 |    58 ||    92
Dodge: Dodged            |    42 |    63 ||   105
Block: Kite shield       |    41 |    67 ||   108

Table legend: (Time is in decaauts)
 A = Elapsed time spent in this place.
 B = Non-inter-level travel time spent in this place.
 C = Inter-level travel time spent in this place.
 D = Time resting spent in this place.
 E = Time spent auto-exploring this place.
 F = Levels seen in this place.
 G = Mean time per level.
                   A        B        C        D        E       F      G
               +--------+--------+--------+--------+--------+-----+--------+
         Total |   2278 |   2168 |    110 |      0 |   1603 |   4 |  569.5 |
       Dungeon |   2278 |   2168 |    110 |      0 |   1603 |   4 |  569.5 |
               +--------+--------+--------+--------+--------+-----+--------+

Top non-repeatable levels by time:
     D:1: 883 daAuts
     D:2: 711 daAuts
     D:3: 448 daAuts
     D:4: 234 daAuts
